 Dungeon Crawl Stone Soup version 0.17.2-1-ge4368a0 (webtiles) character file.

540 Goblin1989 the Cudgeler (level 7, 0/48 HPs)
             Began as a Demonspawn Wanderer on Oct 19, 2016.
             Slain by a wyvern (14 damage)
             ... on level 7 of the Dungeon.
             The game lasted 00:11:38 (4995 turns).

Goblin1989 the Cudgeler (Demonspawn Wanderer)       Turns: 4995, Time: 00:11:38

Health: 0/48       AC:  6    Str: 16    XL:     7   Next: 5%
Magic:  8/8        EV: 10    Int: 10    God:
Gold:   236        SH:  0    Dex: 14    Spells: 0 memorised, 6 levels left

rFire  . . .     SeeInvis .     b - +0 mace
rCold  . . .     Clarity  .     c - +0 ring mail
rNeg   . . .     SustAt   .     (no shield)
rPois  .         Gourm    .     (helmet restricted)
rElec  .         Spirit   .     (no cloak)
rCorr  .         Warding  .     n - +0 pair of gloves
rMut   .         Stasis   .     (no boots)
MR     +....                    (no amulet)
Stlth  +.........               (no ring)
                                m - ring of protection from magic

@: somewhat resistant to hostile enchantments, very unstealthy
A: horns 1, demonic guardian 1, spiny 1
a: no special abilities


You were on level 7 of the Dungeon.
You were not hungry.

You visited 2 branches of the dungeon, and saw 6 of its levels.

You collected 236 gold pieces.

Inventory:

Hand Weapons
 a - a +2 hand crossbow
 b - a +0 mace (weapon)
Missiles
 f - 37 bolts
 Z - a throwing net {=f, !d}
Armour
 c - a +0 ring mail (worn)
 n - a +0 pair of gloves (worn)
Jewellery
 m - a ring of protection from magic (left hand)
 u - an uncursed amulet of regeneration {unknown}
Scrolls
 d - 2 scrolls of identify {unknown}
 h - 2 scrolls of fear {unknown}
 i - 2 scrolls of magic mapping {unknown}
 l - 2 scrolls of noise {unknown}
 p - 2 scrolls of enchant armour {unknown}
 r - a scroll of immolation {unknown}
 s - 2 scrolls of random uselessness {unknown}
 T - 4 scrolls of teleportation {!r, @r4}
Potions
 g - a potion of curing {unknown}
 j - a potion of haste {unknown}
 k - 2 potions of brilliance {unknown}
 o - a potion of magic {unknown}
 q - a potion of heal wounds {unknown}
 w - a potion of ambrosia {unknown}
Comestibles
 e - 6 bread rations {@e1}
 t - a beef jerky
 v - 2 meat rations {@e2}


   Skills:
 - Level 1.3 Fighting
   Level 1.7(4.4) Axes
 + Level 6.4(6.6) Maces & Flails
 - Level 2.9 Crossbows
 - Level 2.1 Armour
   Level 2.0 Evocations


You had 6 spell levels left.
You didn't know any spells.

Dungeon Overview and Level Annotations

Branches:
Dungeon (7/15)             Temple (1/1) D:7

Altars:
Ashenzari
Cheibriados
Dithmenos
Elyvilon
Fedhas
Makhleb
Nemelex Xobeh
Okawaru
Qazlal
Trog
Vehumet
Xom
Yredelemnul
Zin
The Shining One


Innate Abilities, Weirdness & Mutations

You have a pair of small horns on your head.
A weak demonic guardian rushes to your aid.
You are partially covered in sharp spines.


Message History

You are too injured to fight recklessly!
You swap places.
The wyvern bites your white imp!
Your white imp dies!
The wyvern bites you!
You take 8 damage, and have 19/48 hp.
You hit the wyvern but do no damage.
The wyvern is lightly wounded.
The wyvern barely misses you. The wyvern closely misses you.
You hit the wyvern but do no damage.
You headbutt the wyvern, but do no damage.
The wyvern is lightly wounded.
The wyvern is struck by your spines. The wyvern bites you.
* * * LOW HITPOINT WARNING * * *
You take 4 damage, and have 15/48 hp.
You closely miss the wyvern.
The wyvern is moderately wounded.
The wyvern is struck by your spines. The wyvern bites you.
* * * LOW HITPOINT WARNING * * *
The wyvern bites you!
You die... ██.█ █..█ ████ ███████████████ █.......l@....█ ......████████.█ ..... █.█ .... ████ █.█ ... ..█ █.█ █████

█.█ █.█ █.█
█.███.███.█
█.█
█.........█
█.█
█████.█████


You could see a wyvern.

Vanquished Creatures
  A phantom (D:4)
  A centaur (D:7)
  A gnoll sergeant (D:7)
  The ghost of Goblin1989 the Shield-Bearer, a weakling HaFi (D:3)
  An iguana (D:4)
  An orc wizard (D:3)
  6 adders
  7 gnolls
  A worker ant zombie (D:2)
  A shadow imp (D:7)
  An ooze (D:1)
  An adder zombie (D:2)
  3 worms (D:3)
  5 orcs
  3 bat skeletons (D:2)
  6 giant cockroaches
  10 goblins
  9 hobgoblins
  2 jackals (D:1)
  7 kobolds
  2 ball pythons (D:1)
  5 bats
  2 giant geckos
  2 giant newts
  8 rats
87 creatures vanquished.

Notes
Turn   | Place    | Note
--------------------------------------------------------------
     0 | D:1      | Goblin1989 the Demonspawn Wanderer began the quest for the Orb.
     0 | D:1      | Goblin1989 set off with: a +2 hand crossbow, 27 bolts, a +0 ring mail, a bread ration {@e1}, a scroll of teleportation {!r, @r4}
     0 | D:1      | Reached XP level 1. HP: 15/15 MP: 2/2
    93 | D:1      | Gained mutation: A weak demonic guardian rushes to your aid. [demonic ancestry]
    93 | D:1      | Reached XP level 2. HP: 21/21 MP: 3/3
   338 | D:1      | Reached skill level 1 in Maces & Flails
   608 | D:1      | Reached XP level 3. HP: 22/26 MP: 4/4
  1793 | D:2      | Gained mutation: You have a pair of small horns on your head. [demonic ancestry]
  1793 | D:2      | Reached XP level 4. HP: 24/32 MP: 5/5
  1821 | D:2      | Reached skill level 3 in Maces & Flails
  2126 | D:2      | Found a snail-covered altar of Cheibriados.
  2751 | D:3      | Found a sparkling altar of Nemelex Xobeh.
  2985 | D:3      | Reached skill level 4 in Maces & Flails
  2985 | D:3      | Gained mutation: You are partially covered in sharp spines. [demonic ancestry]
  2985 | D:3      | Reached XP level 5. HP: 5/37 MP: 6/6
  3263 | D:3      | Found a blossoming altar of Fedhas.
  3325 | D:3      | Found a basalt altar of Yredelemnul.
  3325 | D:3      | Found a glowing golden altar of the Shining One.
  3325 | D:3      | Found a radiant altar of Vehumet.
  3417 | D:3      | Noticed Goblin1989's ghost (weakling HaFi)
  3426 | D:3      | Killed Goblin1989's ghost
  3590 | D:3      | Found a shadowy altar of Dithmenos.
  4070 | D:4      | Noticed a phantom
  4090 | D:4      | Killed a phantom
  4090 | D:4      | Reached skill level 5 in Maces & Flails
  4090 | D:4      | Reached XP level 6. HP: 34/43 MP: 7/7
  4128 | D:4      | You fall through a shaft for 3 floors!
  4136 | D:7      | Found a staircase to the Ecumenical Temple.
  4143 | Temple   | Entered the Ecumenical Temple
  4708 | D:7      | Reached skill level 6 in Maces & Flails
  4725 | D:7      | Reached XP level 7. HP: 29/48 MP: 8/8
  4986 | D:7      | Noticed a wyvern
  4995 | D:7      | Slain by a wyvern

Action                   |  1- 3 |  4- 6 |  7- 9 || total
-------------------------+-------+-------+-------++-------
Melee: Mace              |   150 |   167 |     7 ||   324
 Fire: Hand crossbow     |    10 |       |       ||    10
  Eat: Meat ration       |     1 |       |       ||     1
       Chunk             |       |     6 |     1 ||     7
       Pizza             |       |     1 |       ||     1

Vault maps used:
D:1:      dpeg_arrival_shrine
D:2:      cheibriados_altar_wand_db, serial_undead, serial_undead_f,
          serial_undead_c, serial_undead_d, serial_undead_b
D:3:      lemuel_coloured_pillars_altar, lemuel_crystal_altar,
          gammafunk_temple_overflow_claw, grunt_dithmenos_smoke_and_mirrors
D:4:      kennysheep_kobold_camp, first_bread
D:7:      minmay_opposing_rooms, temple_green
Temple:   minmay_temple_curvy_8
